 Dungeon Crawl Stone Soup version 0.29.0-7-g18a832c13a (webtiles) character file.

Game seed: 11053322309172879161

245 SensoryNuts the Chopper (level 5, -1/48 HPs)
             Began as a Minotaur Fighter on Aug 31, 2022.
             Was a Plaything of Xom.
             Slain by SnakkuSnakku7's ghost (4 damage)
             ... on level 3 of the Dungeon.
             The game lasted 00:03:42 (3403 turns).

SensoryNuts the Chopper (Minotaur Fighter)          Turns: 3403, Time: 00:03:43

Health: -1/48      AC:  7    Str: 21 (22) XL:     5   Next: 83%
Magic:  4/4        EV:  9    Int:  2 (5)  God:    Xom [.*....]
Gold:   739        SH:  4    Dex:  9 (10) Spells: 4/4 levels left

rFire   . . .      SeeInvis .   a - +1 war axe (flame)
rCold   . . .      Faith    .   c - +0 buckler
rNeg    . . .      Spirit   .   b - +0 scale mail
rPois   .          Reflect  .   (helmet restricted)
rElec   .          Harm     .   (no cloak)
rCorr   .          Rampage  .   (no gloves)
Will    .....                   (no boots)
Stlth   ..........              (no amulet)
HPRegen 0.16/turn               (no ring)
MPRegen 0.09/turn               (no ring)

@: no status effects
A: horns 2, retaliatory headbutt
a: Renounce Religion


You were on level 3 of the Dungeon.
You worshipped Xom.
You were a plaything of Xom.
You visited 1 branch of the dungeon, and saw 3 of its levels.

You collected 739 gold pieces.

Inventory:

Hand Weapons
 a - a +1 war axe of flaming (weapon)
Armour
 b - a +0 scale mail (worn)
 c - a +0 buckler (worn)
Scrolls
 g - a scroll of enchant armour
 i - a scroll of amnesia
 m - a scroll of brand weapon
Potions
 e - 3 potions of brilliance
 f - 2 potions of lignification
 n - a potion of flight


   Skills:
 + Level 5.0 Fighting
 * Level 5.2 Axes
 + Level 4.4 Armour
 + Level 1.0 Dodging
 + Level 0.1 Stealth
 + Level 4.4 Shields


You had 4 spell levels left.
You didn't know any spells.
Your spell library was empty.

Dungeon Overview and Level Annotations

Branches:
Dungeon (3/15)

Altars:
Xom

Annotations:
D:3 SnakkuSnakku7's ghost, amateur DjCK


Innate Abilities, Weirdness & Mutations

You have a pair of horns on your head.
You reflexively headbutt those who attack you in melee.


Message History

The orc is severely wounded.
The orc hits you but does no damage.
You closely miss the orc.
The orc is severely wounded.
You float gracefully downwards.
The orc hits you with a +0 club.
You slash the orc! You burn the orc.
You kill the orc!
You barely miss the orc. The orc hits you but does no damage. x2
You hit the orc. You burn the orc.
The orc is almost dead.
You almost hear Xom's maniacal laughter.
Your eyebrows briefly feel incredibly bushy.
You are now a plaything of Xom.
The orc closely misses you.
You slash the orc! You burn the orc.
You kill the orc!
Your Fighting skill increases to level 5!
You hit the orc. You burn the orc.
You kill the orc!
Okay, then.
Okay, then.
You hit SnakkuSnakku7's ghost but do no damage.
Your headbutt misses SnakkuSnakku7's ghost.
You block SnakkuSnakku7's ghost's attack.
You block the orc's attack. SnakkuSnakku7's ghost misses you.
The orc hits you from afar with a +0 trident.
You barely miss SnakkuSnakku7's ghost.
SnakkuSnakku7's ghost hits you but does no damage.
The orc hits you but does no damage.
You closely miss SnakkuSnakku7's ghost.
Your headbutt misses SnakkuSnakku7's ghost.
SnakkuSnakku7's ghost hits you!!
* * * LOW HITPOINT WARNING * * *
The orc barely misses you.
Unknown command.
Okay, then.
Okay, then.
You barely miss SnakkuSnakku7's ghost. SnakkuSnakku7's ghost hits you.
You die...
Xom chortles!

##.##_.8.#.'...##
....#....#.'....#
#####....#.#..#.#
..##..#..#.##
#####..8#..#.....#
....#..##..#..##o#
....#8.....#.o##o#
....########8.##W#
.......# #.##.##@#
.......# #.##.##.#
.......# #.......#
.......# ####.####
######## #.#
########.#
####.......[#
#.......#####
###.##>##.#


You could see SnakkuSnakku7's ghost and 2 orcs.

Vanquished Creatures
  A hound (D:2)
  An orc priest (D:3)
  Natasha (twice) (D:2)
  6 adders
  A worm (D:3)
  12 orcs (D:3)
  2 endoplasms (D:1)
  3 giant cockroaches
  6 goblins
  9 hobgoblins
  4 kobolds
  3 quokkas (D:1)
  8 ball pythons
  3 bats
  4 frilled lizards (D:1)
  4 rats
69 creatures vanquished.

Notes
Turn   | Place    | Note
-------+----------+-------------------------------------------
     0 | D:1      | SensoryNuts the Minotaur Fighter began the quest for the
                  | Orb.
     0 | D:1      | Reached XP level 1. HP: 19/19 MP: 0/0
   176 | D:1      | Found a faded altar of an unknown god.
   193 | D:1      | Reached XP level 2. HP: 21/27 MP: 1/1
   204 | D:1      | Prayed at the altar of an unknown god.
   204 | D:1      | Became a worshipper of Xom the Elder Chaos God
   328 | D:1      | XOM: silly message
   364 | D:1      | XOM: divination: magic mapping
   397 | D:1      | XOM: silly message
   926 | D:1      | XOM: 4-stop teleportation journey
  1213 | D:2      | Reached XP level 3. HP: 32/33 MP: 2/2
  1595 | D:2      | XOM: noise
  1614 | D:2      | Reached XP level 4. HP: 33/41 MP: 3/3
  1654 | D:2      | XOM: 1-stop teleportation journey
  1838 | D:2      | Noticed Natasha
  1845 | D:2      | Killed Natasha
  1846 | D:2      | Reached skill level 1 in Dodging
  2000 | D:2      | Noticed Natasha
  2003 | D:2      | Killed Natasha
  2004 | D:2      | Reached XP level 5. HP: 40/47 MP: 4/4
  2167 | D:2      | Identified a scroll of acquirement
  2167 | D:2      | Acquired 692 gold pieces
  2236 | D:3      | XOM: silly message
  2284 | D:3      | XOM: noise
  2774 | D:3      | Reached skill level 5 in Axes
  3061 | D:3      | Found a runed translucent gate.
  3062 | D:3      | Noticed SnakkuSnakku7's ghost (amateur DjCK)
  3064 | D:3      | Found a runed translucent gate.
  3064 | D:3      | Found a runed translucent gate.
  3067 | D:3      | Identified the +2 hand axe of Melee {flame, Int+6}
  3067 | D:3      | Identified the +8 chain mail of Snakes and Ladders {Dex+3}
  3269 | D:3      | Identified the +3 leather armour "Axivisud" {Rampage rF-
                  | rCorr Dex+6}
  3391 | D:3      | XOM: divination: detect creatures
  3397 | D:3      | XOM: silly message
  3399 | D:3      | Reached skill level 5 in Fighting
  3403 | D:3      | Slain by SnakkuSnakku7's ghost

Illustrated notes

Levels and vault maps discovered:
D:1:      nagdon_arrival_zigzag_paths, layout_basic,
          hellmonk_ecumenical_altar_heavens_door
D:2:      layout_loops_ring, uniq_natasha
D:3:      layout_loops_cross, biasface_ghost_orc_armoury

Skill      XL: |  1  2  3  4  5 |
---------------+----------------+-----
Fighting       | 4 5 |  5.0
Shields        | 4 |  4.4
Axes           | 3 4 5 |  5.2
Armour         | 4 |  4.4
Dodging        | 1 |  1.0
Stealth        | |  0.1

Action                   |  1- 3 |  4- 6 || total
-------------------------+-------+-------++-------
Melee: War axe           |    72 |    91 ||   163
       Headbutt          |     6 |     7 ||    13
  Use: Scroll            |     5 |     7 ||    12
       Potion            |       |     6 ||     6
Armor: Scale mail        |    36 |    50 ||    86
Dodge: Dodged            |    40 |    40 ||    80
Block: Buckler           |    16 |    21 ||    37
